 Dungeon Crawl Stone Soup version 0.27-a0-668-gb5737ff2c0 (webtiles) character file.

Game seed: 3930305529574722946

15 sanka the Sneak (level 2, 0/19 HPs)
             Began as a Vampire Enchanter on Mar 17, 2021.
             Slain by a hobgoblin
             ... wielding a +0 club
              (4 damage)
             ... on level 1 of the Dungeon.
             The game lasted 00:02:30 (797 turns).

sanka the Sneak (Vampire Enchanter)                  Turns: 797, Time: 00:02:31

Health: 0/19       AC:  2    Str:  7    XL:     2   Next: 34%
Magic:  1/5        EV: 12    Int: 17    God:
Gold:   29         SH:  0    Dex: 14    Spells: 2/5 levels left

rFire    . . .     SeeInvis +   a - +1 dagger
rCold    . . .     Faith    .   (no shield)
rNeg     . . .     Spirit   .   b - +0 robe
rPois    .         Reflect  .   (no helmet)
rElec    .         Harm     .   (no cloak)
rCorr    .         Rampage  .   (no gloves)
Will     .....                  (no boots)
Stlth    +++.......             (no amulet)
HPRegen  0.26/turn              (no ring)
MPRegen  0.09/turn              (no ring)

@: regenerating quickly
A: alive, fangs 3, see invisible, unbreathing 1, vampiric 1
a: Exsanguinate


You were on level 1 of the Dungeon.
You visited 1 branch of the dungeon, and saw 1 of its levels.

You collected 29 gold pieces.


Innate Abilities, Weirdness & Mutations

Your natural rate of healing is unusually fast.
You have razor-sharp teeth.
You have supernaturally acute eyesight. (SInv)
You can survive without breathing.
You are afflicted with vampirism.


   Skills:
 - Level 1.1 Short Blades
 - Level 2.1 Dodging
 + Level 5.8 Stealth
 - Level 2.0 Spellcasting
 - Level 4.4 Hexes


You had 2 spell levels left.
You knew the following spells:

 Your Spells              Type           Power      Damage    Failure   Level
z - Ensorcelled Hibernat  Hex/Ice        18%        N/A       12%         2
Z - Corona                Hex            17%        N/A       3%          1

Your spell library contained the following spells:

 Spells                   Type           Power      Damage    Failure   Level
 Slow                     Hex            16%        N/A       4%          2
 Foxfire                  Conj/Fire      4%         2x1d4     19%         1
 Magic Dart               Conj           4%         1d3       19%         1
 Blink                    Tloc           N/A        N/A       28%         2
 Call Imp                 Summ           1%         N/A       28%         2
 Confusing Touch          Hex            16%        N/A       10%         3
 Tukima's Dance           Hex            16%        N/A       10%         3
 Dazzling Flash           Conj/Hex       18%        N/A       24%         3
 Cause Fear               Hex            8%         N/A       32%         4
 Conjure Flame            Conj/Fire      1%         6-21      50%         3
 Mephitic Cloud           Conj/Pois/Air  1%         N/A       50%         3
 Dragon Form              Tmut           0%         N/A       100%        7
 Dragon's Call            Summ           0%         N/A       100%        9

Inventory:

Hand Weapons
 a - a +1 dagger (weapon)
Armour
 b - a +0 robe (worn)
Scrolls
 c - a scroll of acquirement {unknown}
 d - a scroll of amnesia {unknown}

Dungeon Overview and Level Annotations

Branches:
Dungeon (1/15)

Altars:

Shops:
D:1

! .▒ ▒.▒▒▒ .▒ ▒...▒ .▒
▒.▒.▒ ▒▒▒▒▒▒▒▒▒▒ .▒▒▒▒▒.▒.▒
▒........▒ .......▒.▒
▒.▒▒▒▒▒▒.▒ ▒▒▒.▒▒▒▒.▒ ▒.▒
▒.▒ ....▒▒▒▒.▒▒▒▒▒▒▒.▒ ▒.▒
▒▒.....>.......▒g▒ ▒.▒
▒▒▒.▒▒▒▒.▒▒▒▒▒.▒V▒ ▒.▒
....▒▒▒▒.▒▒▒▒▒.▒.▒ ▒.▒
....▒▒...........▒▒▒▒▒▒.▒
..........▒▒▒...........▒
.^...▒.▒▒.▒ ▒...▒▒▒▒▒▒▒▒▒▒▒
.....▒.▒▒.▒ ▒.............▒
..........▒▒▒.)▒▒▒▒▒▒▒▒▒▒.▒
...▒▒..........▒ ▒.▒
▒.▒▒▒..▒▒.▒▒...▒▒▒▒▒ ▒.▒


You could see a hobgoblin.


Message History

The hobgoblin misses you.
You hit the hobgoblin but do no damage. The hobgoblin barely misses you.
You hit the hobgoblin.
The hobgoblin is severely wounded.
You hit the hobgoblin but do no damage.
The hobgoblin is severely wounded.
The hobgoblin closely misses you.
You hit the hobgoblin but do no damage.
The hobgoblin is severely wounded.
The hobgoblin hits you with a +0 club.
You barely miss the hobgoblin.
The hobgoblin is severely wounded.
The hobgoblin hits you with a +0 club.
* * * LOW HITPOINT WARNING * * *
You hit the hobgoblin but do no damage.
The hobgoblin is severely wounded.
The hobgoblin completely misses you.
You closely miss the hobgoblin.
The hobgoblin is severely wounded.
The hobgoblin barely misses you.
You barely miss the hobgoblin.
The hobgoblin is severely wounded.
The hobgoblin hits you with a +0 club.
* * * LOW HITPOINT WARNING * * *
You closely miss the hobgoblin.
You bite the hobgoblin, but do no damage.
The hobgoblin is severely wounded.
The hobgoblin hits you with a +0 club.
You die...

Action                   || total
-------------------------++-------
Melee: Dagger            ||    47
       Bite              ||     4
 Cast: Ensorcelled Hiber ||     8
 Stab: Sleeping          ||     4
       Distracted        ||     1
Armor: Robe              ||     4
Dodge: Dodged            ||    24

Levels and vault maps discovered:
D:1:      wheals_arrival_shading, layout_loops_ring, serial_shops,
          nicolae_shop_competitors_out_of_business, st_stairs_2

Notes
Turn   | Place    | Note
-------+----------+-------------------------------------------
     0 | D:1      | sanka the Vampire Enchanter began the quest for the Orb.
     0 | D:1      | Reached XP level 1. HP: 13/13 MP: 3/3
    31 | D:1      | HP: 1/13 [leopard gecko (5)]
   148 | D:1      | Reached skill level 5 in Stealth
   216 | D:1      | Found Roosuxav's Distillery.
   229 | D:1      | Reached XP level 2. HP: 15/19 MP: 5/5
   482 | D:1      | Learned a level 2 spell: Ensorcelled Hibernation
   797 | D:1      | Slain by a hobgoblin

Vanquished Creatures
  A dart slug (D:1)
  A leopard gecko (D:1)
  2 hobgoblins (D:1)
  3 bats (D:1)
  A frilled lizard (D:1)
  2 kobolds (D:1)
  4 rats (D:1)
14 creatures vanquished.
